 Dungeon Crawl Stone Soup version 0.31-a0-446-g07c4bd200f (webtiles) character file.

Game seed: 11093197712385355925

212 Conn the Firebug (level 5, 0/31 HPs)
             Began as an Octopode Fire Elementalist on Aug 3, 2023.
             Succumbed to Crazy Yiuf's poison
             ... on level 2 of the Dungeon.
             The game lasted 00:03:52 (1597 turns).

Conn the Firebug (Octopode Fire Elementalist)       Turns: 1597, Time: 00:03:52

Health: 0/31       AC:  1    Str:  8      XL:     5   Next: 89%
Magic:  0/10       EV: 13    Int: 19      God:
Gold:   94         SH:  0    Dex:  9 (12) Spells: 1/11 levels left

rFire   + . .        b - +0 short sword
rCold   . . .        (no shield)
rNeg    . . .        (helmet restricted)
rPois   .            c - amulet of faith
rElec   .            d - ring of protection from fire
rCorr   .            (no ring)
SInv    .            (no ring)
Will    +....        (no ring)
Stlth   +++          (no ring)
HPRegen 0.25/turn    (no ring)
MPRegen 0.12/turn    (no ring)
                     (no ring)

%: faith
@: lethally poisoned (0 -> -9), enlightened, flying, very slightly contaminated
A: almost no armour, amphibious, 8 rings, camouflage 1, gelatinous body 1,
(nimble swimmer 1), tentacles
a: no special abilities


You were on level 2 of the Dungeon.
You visited 1 branch of the dungeon, and saw 2 of its levels.

You collected 94 gold pieces.

Inventory:

Hand Weapons
 b - a +0 short sword (weapon)
Missiles
 h - 6 poisoned darts
Armour
 e - a +0 kite shield
Jewellery
 c - an amulet of faith (around mantle)
 d - a ring of protection from fire (left tentacle)
Wands
 g - a wand of polymorph (5)
Scrolls
 f - a scroll of identify {unknown}
 i - a scroll of vulnerability {unknown}
Potions
 a - a potion of magic
 k - a potion of might {unknown}


   Skills:
 + Level 0.5 Short Blades
 + Level 2.5 Dodging
 + Level 3.5 Stealth
 * Level 3.6 Spellcasting
 * Level 2.2 Conjurations
 + Level 4.1 Fire Magic


You had one spell level left.
You knew the following spells:

 Your Spells              Type           Power      Damage    Failure   Level
a - Foxfire               Conj/Fire      60%        2x1d7     3%          1
b - Scorch                Fire           38%        2d6       4%          2
c - Inner Flame           Hex/Fire       11%        N/A       19%         3
d - Flame Wave            Conj/Fire      15%        2d7       36%         4

Your spell library contained the following spells:

 Spells                   Type           Power      Damage    Failure   Level
 Apportation              Tloc           6%         N/A       14%         1
 Volatile Blastmotes      Fire/Tloc      22%        2d11      19%         3
 Alistair's Intoxication  Tmut/Pois      2%         N/A       99%         5


Dungeon Overview and Level Annotations

Branches:
Dungeon (2/15)

Altars:

Annotations:
D:2 Crazy Yiuf


Innate Abilities, Weirdness & Mutations

You cannot wear most types of armour.
You are amphibious.
You can wear up to eight rings at the same time.
Your skin changes colour to match your surroundings (Stealth+).
Your rubbery body absorbs attacks. (AC +1, EV +1)
((You are camouflaged when in or above water. (Stealth+)))
You have tentacles for arms and can constrict up to eight enemies at once.


Message History

You now have 94 gold pieces (gained 13).
k - a fizzy green potion
There is an open door here.
You see here a +0 ring mail.
Found a hammer.
Found a runed translucent door.
Crazy Yiuf shouts!
You open the door.
Crazy Yiuf cries, "Ice action wrapper!"
Casting: Foxfire (safe; 3% risk of failure)
Confirm with . or Enter, or press ? or * to list all spells.
Flames lash Crazy Yiuf.
Crazy Yiuf is heavily wounded.
Crazy Yiuf's fire resistance burns away.
Unknown command.
Casting: Scorch (safe; 4% risk of failure)
Confirm with . or Enter, or press ? or * to list all spells.
Flames lash Crazy Yiuf.
Crazy Yiuf is burned terribly!
Crazy Yiuf is severely wounded.
Crazy Yiuf hits you with a +4 quarterstaff of chaos!
You are poisoned.
Unknown command.
Casting: Scorch (safe; 4% risk of failure)
Confirm with . or Enter, or press ? or * to list all spells.
You miscast Scorch.
You are very lightly contaminated with residual magic.
Nothing appears to happen.
You feel very sick.
Crazy Yiuf hits you with a +4 quarterstaff of chaos!
* * * LOW HITPOINT WARNING * * *
You feel your power leaking away.
Okay, then.
Unknown command.
Okay, then.
Unknown command.
Unknown command.
Okay, then.
It was a potion of enlightenment.
You feel very buoyant.
You fly up into the air.
You die...

..+........###....####
###........# ##..##
##.......# ♣P.PP♣
##.....## ♣.PP♣♣
##...## ♣♣.♣♣ ##'##
♣.♣♣ #.# ♣♣.♣ #### #.#
♣.♣♣ ...# ##.## ♣♣@♣
>..###...## #g#
...##.....## ...
...###.....# #...#
........#### #..)#
...####.# ##### ####
#.# #.# #.# #########


You could see Crazy Yiuf (combustible).

Vanquished Creatures
  Sigmund (D:2)
  3 adders (D:2)
  2 ball pythons (D:1)
  An endoplasm (D:1)
  A giant cockroach (D:1)
  4 goblins
  5 hobgoblins
  4 kobolds (D:1)
  A bat (D:2)
  A frilled lizard (D:1)
  A rat (D:2)
24 creatures vanquished.

Vanquished Creatures (others)
  54 foxfires
54 creatures vanquished.

Grand Total: 78 creatures vanquished

Notes
Turn   | Place    | Note
-------+----------+-------------------------------------------
     0 | D:1      | Conn the Octopode Fire Elementalist began the quest for the
                  | Orb.
     0 | D:1      | Reached XP level 1. HP: 11/11 MP: 3/3
   277 | D:1      | Found a faded altar of an unknown god.
   427 | D:1      | Reached XP level 2. HP: 17/17 MP: 1/5
   964 | D:2      | Reached XP level 3. HP: 21/21 MP: 6/6
  1037 | D:2      | Noticed Sigmund
  1051 | D:2      | HP: 1/21 [Sigmund/magic dart (5)]
  1054 | D:2      | Killed Sigmund
  1055 | D:2      | Reached skill level 4 in Fire Magic
  1055 | D:2      | Reached XP level 4. HP: 2/27 MP: 0/9
  1055 | D:2      | Reached XP level 5. HP: 2/31 MP: 0/10
  1270 | D:2      | Learned a level 2 spell: Scorch
  1274 | D:2      | Learned a level 3 spell: Inner Flame
  1279 | D:2      | Learned a level 4 spell: Flame Wave
  1589 | D:2      | Found a runed translucent door.
  1590 | D:2      | Noticed Crazy Yiuf
  1597 | D:2      | Succumbed to Crazy Yiuf's poison

Illustrated notes

Levels and vault maps discovered:
D:1:      amcnicky_arrival_single_pillar, layout_loops_ring,
          chequers_ecumenical_altar_island
D:2:      layout_loops_corners, basic_altar, uniq_crazy_yiuf_cottage,
          uniq_sigmund

Skill      XL: |  1  2  3 |
---------------+----------+-----
Stealth        | 3 |  3.5
Spellcasting   | 3 |  3.6
Conjurations   | 2 |  2.2
Fire Magic     | 4 |  4.1
Short Blades   | |  0.5
Dodging        | |  2.5

Action                     |  1- 3 |  4- 6 || total
---------------------------+-------+-------++-------
  Melee: Tentacles         |     4 |       ||     4
         Unarmed           |     1 |       ||     1
         Short sword       |    16 |     6 ||    22
         Constrict         |     5 |     1 ||     6
   Cast: Foxfire           |    29 |     5 ||    34
         Scorch            |       |     2 ||     2
    Use: Potion            |     1 |     1 ||     2
   Stab: Sleeping          |     1 |     1 ||     2
 Armour: Skin              |       |     1 ||     1
  Dodge: Dodged            |    11 |     3 ||    14

Table legend: (Time is in decaauts)
 A = Elapsed time spent in this place.
 B = Non-inter-level travel time spent in this place.
 C = Inter-level travel time spent in this place.
 D = Time resting spent in this place.
 E = Time spent auto-exploring this place.
 F = Levels seen in this place.
 G = Mean time per level.
                   A        B        C        D        E       F      G
               +--------+--------+--------+--------+--------+-----+--------+
         Total |   1595 |   1584 |     11 |    113 |   1156 |   2 |  797.5 |
       Dungeon |   1595 |   1584 |     11 |    113 |   1156 |   2 |  797.5 |
               +--------+--------+--------+--------+--------+-----+--------+

Top non-repeatable levels by time:
     D:2: 823 daAuts
     D:1: 772 daAuts
